 Dungeon Crawl Stone Soup version 0.18.1-48-g4cf74bf (webtiles) character file.

349262 Peloso the Hoplite (level 21, 0/200 HPs)
             Began as a Minotaur Fighter on Sept 5, 2016.
             Was the Champion of Okawaru.
             Slain by a harpy (10 damage)
             ... on level 2 of the Vaults.
             The game lasted 02:59:07 (51127 turns).

Peloso the Hoplite (Minotaur Fighter)              Turns: 51127, Time: 02:59:07

Health: 0/200      AC: 34    Str: 27    XL:     21   Next: 25%
Magic:  21/21      EV:  9    Int:  8    God:    Okawaru [******]
Gold:   2859       SH: 20    Dex: 16    Spells: 0 memorised, 20 levels left

rFire  . . .     SeeInvis +     w - +9 double sword (flame)
rCold  + . .     Gourm    +     K - +2 crystal plate armour {rC+}
rNeg   . . .     Faith    .     m - +2 shield {reflect}
rPois  .         Spirit   .     S - +1 hat {MR+}
rElec  .         Dismiss  .     T - +1 cloak of Philately {MR+ Int+3}
rCorr  .         Reflect  +     (no gloves)
SustAt .         Harm     .     z - +1 pair of boots {run}
MR     ++++.     Rnd*Tele +     g - amulet of the gourmand
Stlth  ..........               R - ring of Xom's Envy {MR+ Dex+2}
                                P - ring of see invisible

@: quick, incredibly resistant to hostile enchantments, extremely unstealthy
A: retaliatory headbutt, horns 2, teleportitis 1
a: Heroism, Finesse, Renounce Religion
}: 2/15 runes: decaying, gossamer


You were on level 2 of the Vaults.
You worshipped Okawaru.
Okawaru was exalted by your worship.
You were completely stuffed.

You visited 9 branches of the dungeon, and saw 40 of its levels.
You also visited: Sewer and Ice Cave.

You collected 3853 gold pieces.
You spent 994 gold pieces at shops.

Inventory:

Hand Weapons
 w - a +9 double sword of flaming (weapon)
 B - the +3 falchion of Arrival {slice, rF+ Int+4}
   (Okawaru gifted it to you on level 15 of the Dungeon)

   It inflicts extra damage upon your enemies.
   It affects your intelligence (+4).
   It protects you from fire.
Armour
 e - the +0 pair of gloves of Gitemit {+Blink Str+2}
   (Okawaru gifted it to you on level 3 of the Elven Halls)

   It affects your strength (+2).
   It lets you blink.
 l - a +0 crystal plate armour
 m - a +2 shield of reflection (worn)
 z - a +1 pair of boots of running (worn)
 K - a +2 crystal plate armour of cold resistance (worn)
 S - a +1 hat of magic resistance (worn)
 T - the +1 cloak of Philately (worn) {MR+ Int+3}
   (Okawaru gifted it to you on level 4 of the Swamp)

   It affects your intelligence (+3).
   It affects your resistance to hostile enchantments.
Jewellery
 g - an amulet of the gourmand (around neck)
 p - an uncursed ring of flight
 y - a +3 amulet of reflection
 A - a +3 ring of protection
 H - an uncursed ring of protection from cold
 P - a ring of see invisible (left hand)
 Q - an uncursed ring of protection from fire
 R - the ring of Xom's Envy (right hand) {MR+ Dex+2}
   (You took it off a deep elf mage on level 3 of the Elven Halls)

   [ring of protection from magic]

   It affects your dexterity (+2).
   It affects your resistance to hostile enchantments.
 V - the amulet of Satyriasis {Dismiss rPois rN+ Str+7 Dex-3}
   (You took it off a deep elf death mage on level 3 of the Elven Halls)

   [amulet of dismissal]

   It may teleport away creatures that harm you.
   It affects your strength (+7).
   It affects your dexterity (-3).
   It protects you from poison.
   It protects you from negative energy.
Wands
 a - a wand of disintegration (16/24)
 U - a wand of teleportation (6/9)
Scrolls
 b - 4 scrolls of recharging
 i - 15 scrolls of remove curse
 n - 10 scrolls of identify
 q - 8 scrolls of enchant armour
 r - 8 scrolls of teleportation
 C - 4 scrolls of magic mapping
 L - a scroll of silence
 M - 4 scrolls of blinking
 O - 3 scrolls of fear
Potions
 c - a potion of invisibility
 d - 12 potions of might
 u - 3 potions of haste
 v - 7 potions of flight
 x - 3 potions of resistance
 E - 6 potions of agility
 F - 5 potions of curing
 G - 11 potions of heal wounds
 W - 2 potions of berserk rage
Comestibles
 f - 21 bread rations
 j - 32 meat rations
 k - 26 fruits
 o - 9 beef jerkies
 s - 7 royal jellies


   Skills:
 + Level 19.6 Fighting
 + Level 23.7 Long Blades
 + Level 18.0 Armour
 + Level 5.1 Dodging
 + Level 2.4 Stealth
 + Level 24.1 Shields
 + Level 0.7 Unarmed Combat
 + Level 2.4 Invocations
 + Level 0.6 Evocations


You had 20 spell levels left.
You didn't know any spells.

Dungeon Overview and Level Annotations

Branches:
Dungeon (15/15)            Temple (1/1) D:6            Lair (8/8) D:9
  Swamp (4/4) Lair:5       Spider (4/4) Lair:4        Slime (1/6) Lair:8
    Orc (2/2) D:12            Elf (3/3) Orc:2        Vaults (2/5) D:14
 Depths (0/5) D:15
  Crypt: Vaults:2-3

Altars:
Ashenzari
Cheibriados
Dithmenos
Fedhas
Makhleb
Nemelex Xobeh
Okawaru
Pakellas
Trog
Xom
Yredelemnul
Zin
The Shining One

Shops:
D:6 !=   D:11 %   D:13 =   Orc:2 =*[(   Elf:1 ?   Elf:3 (   Vaults:1 =
Vaults:2 (

Annotations:
D:8 Maurice


Innate Abilities, Weirdness & Mutations

You reflexively headbutt those who attack you in melee.
You have a pair of horns on your head.
You are occasionally teleported next to monsters.


Message History

The vault warden completely misses you. You furiously retaliate!
You headbutt the vault warden!
Unknown command.
You closely miss the harpy. Your headbutt misses the harpy.
The harpy is almost dead.
The harpy claws you but does no damage. You block the harpy's attack.
You block the red devil's attack. The harpy claws you.
* * * LOW HITPOINT WARNING * * *
The harpy claws you!
* * * LOW HITPOINT WARNING * * *
You closely miss the vault warden. You headbutt the vault warden!
The vault warden is heavily wounded.
You block the harpy's attack. x2; The harpy claws you but does no damage.
You block the harpy's attack.
The vault warden hits you with an uncursed great sword of freezing!!!
* * * LOW HITPOINT WARNING * * *
The vault warden freezes you.
* * * LOW HITPOINT WARNING * * *
The harpy claws you!
You die...

#......#
#..#..
#......#
#.....
#......#
#..#..
######'#
#..#.. #..#
## #..#..
#..# .##
#..### #..#
..# #.....
+.†#####..#
#.....
#....4H@..#
######
#...e.p)H.#
#..#####..#
#..# ..#
#..# .##
#..# ##
####


You could see a vault warden, a deep elf mage, 2 harpies and a red devil.

Vanquished Creatures
  Mara (Spider:4)
  the Lernaean hydra (Swamp:4)
  Norris (Spider:4)
  Arachne (Spider:4)
  Jorgrun (Elf:2)
  2 deep elf blademasters (Elf:3)
  Agnes (Spider:4)
  2 thorn hunters (Swamp:3)
  Kirke (Lair:6)
  Roxanne (Spider:4)
  5 deep elf sorcerers (Elf:3)
  An orc warlord (Orc:2)
  4 vault wardens
  9 emperor scorpions
  Maud (Lair:4)
  5 ghost moths
  4 deep elf elementalists (Elf:3)
  A very ugly thing (D:14)
  4 ironheart preservers
  7 deep elf demonologists
  3 spark wasps
  A salamander stormcaller (Vaults:2)
  5 deep elf annihilators (Elf:3)
  7 deep elf death magi
  5 dire elephants (Lair:8)
  6 vault guards
  An ettin (Vaults:1)
  Josephine (D:15)
  2 fire dragons
  3 deep elf high priests (Elf:3)
  2 ice dragons
  5 yaktaur captains
  A rakshasa (Vaults:2)
  4 entropy weavers
  30 hydras
  6 centaur warriors
  3 ghost crabs
  An anaconda (Lair:8)
  5 alligators
  3 death yaks (Lair:8)
  2 ogre magi
  The ghost of schammes the Blocker, a novice MiFi of Qazlal (D:8)
  29 dancing weapons
  3 orc high priests (Orc:2)
  2 deep troll earth magi
  Urug (Lair:2)
  Nergalle (Lair:4)
  25 deep elf knights
  A fire crab (Vaults:2)
  A shadow wraith (Vaults:2)
  15 deep trolls
  4 giant orange brains
  An unseen horror (shapeshifter) (Vaults:1)
  3 unseen horrors
  15 deep elf archers
  Pikel (D:6)
  A shambling mangrove (Swamp:2)
  A phantasmal warrior (Vaults:1)
  12 swamp dragons
  9 orc knights
  3 harpies (Vaults:2)
  An orb spider (shapeshifter) (Vaults:1)
  12 ironbrand convokers
  19 orb spiders
  10 hill giants
  70 deep elf magi
  4 necromancers
  A shining eye (Lair:8)
  5 orc sorcerers
  8 griffons
  29 wolf spiders
  6 hornets
  2 salamanders (shapeshifter)
  5 cyclopes
  A manticore (D:14)
  21 ugly things
  The ghost of drd the Covert, a novice OpAs (D:5)
  21 elephants
  A moth of wrath (Spider:2)
  8 black mambas
  Joseph (D:8)
  A fire giant skeleton (Vaults:2)
  6 vault sentinels
  A centaur zombie (D:12)
  5 torpor snails
  2 ice statues (IceCv)
  2 gargoyles
  A yaktaur zombie (Vaults:2)
  15 spiny frogs
  14 demonic crawlers
  4 rime drakes
  13 komodo dragons
  3 kobold demonologists
  25 yaktaurs
  11 ice devils (IceCv)
  3 freezing wraiths
  A yaktaur skeleton (Vaults:2)
  A tengu conjurer (D:14)
  8 giant leeches
  43 jumping spiders
  4 polar bears (Lair:6)
  9 trolls
  6 two-headed ogres
  11 slime creatures
  A raiju (shapeshifter) (Vaults:2)
  9 blink frogs
  6 boulder beetles
  23 bog bodies
  Sigmund (D:6)
  A vampire (D:13)
  78 redbacks
  4 spriggans
  92 yaks
  3 water elementals
  A tarantella (shapeshifter) (Vaults:1)
  29 tarantellas
  12 wyverns (Lair:4)
  3 air elementals (Elf:3)
  2 hogs (Lair:6)
  4 basilisks
  4 wraiths
  2 steam dragons
  A hippogriff (shapeshifter) (Vaults:1)
  39 vampire mosquitoes
  4 fire elementals
  15 hippogriffs
  A mottled dragon (D:14)
  4 hungry ghosts
  4 insubstantial wisps (Swamp:2)
  5 wargs
  23 swamp worms
  A soldier ant (D:11)
  2 large abominations (Elf:1)
  13 porcupines
  14 water moccasins
  An eye of draining (shapeshifter) (Vaults:2)
  14 swamp drakes
  3 ice beasts
  5 sky beasts
  39 orc warriors
  10 wasps
  13 ogres
  4 boggarts (D:14)
  2 eyes of draining
  2 black bears
  A sky beast (shapeshifter) (Elf:3)
  3 necrophages
  6 phantoms
  18 wolves
  19 centaurs
  2 human zombies (Vaults:2)
  15 crocodiles
  14 big kobolds
  22 giant frogs
  3 elf zombies (Elf:1)
  6 earth elementals
  3 gnoll sergeants (D:12)
  A wyvern skeleton (D:13)
  5 scorpions
  9 killer bees
  A troll skeleton (D:12)
  4 wights
  5 electric eels
  3 howler monkeys
  4 jellies
  2 spriggan skeletons (D:12)
  10 crimson imps
  2 giant frog zombies
  4 hounds
  17 orc priests
  9 centaur skeletons
  2 giant frog skeletons
  9 iguanas
  28 orc wizards
  5 worker ants
  28 sheep
  2 hound zombies (D:6)
  5 hound skeletons
  A howler monkey zombie (D:11)
  2 howler monkey skeletons (D:8)
  14 gnolls
  18 adders
  70 river rats
  4 shadow imps
  9 white imps (IceCv)
  4 ufetubi (IceCv)
  An ooze (D:6)
  2 adder zombies
  4 adder skeletons
  3 worms
  9 giant geckos
  108 orcs
  15 bats
  5 giant cockroaches
  7 hobgoblins
  12 jackals
  40 kobolds
  6 quokkas
  9 ball pythons
  A giant gecko skeleton (D:5)
  A giant gecko zombie (D:5)
  5 giant newts
  6 goblins
  A jackal skeleton (D:9)
  A jackal zombie (D:5)
  23 rats
  4 fungi
  5 plants
1844 creatures vanquished.

Vanquished Creatures (others)
  3 deep elf elementalists (Elf:3)
  The ghost of sonic the Thaumaturge, a journeyman DEFE of Vehumet (Lair:6)
  2 deep elf knights
  6 deep elf archers
  A cyclops (Vaults:2)
  4 yaktaurs
  An air elemental (Elf:1)
  A water elemental (Elf:2)
  3 hogs (Lair:6)
  A sky beast (D:6)
  A centaur (D:9)
  A jelly (D:7)
  An orc wizard (Orc:2)
  3 white imps (IceCv)
  An ufetubus (IceCv)
  6 ball lightnings (Lair:6)
  16 fungi
  11 plants
63 creatures vanquished.

Grand Total: 1907 creatures vanquished

Notes
Turn   | Place    | Note
--------------------------------------------------------------
     0 | D:1      | Peloso the Minotaur Fighter began the quest for the Orb.
     0 | D:1      | Reached XP level 1. HP: 19/19 MP: 0/0
   161 | D:1      | Reached XP level 2. HP: 27/27 MP: 1/1
   325 | D:1      | Reached skill level 4 in Shields
   492 | D:1      | Reached XP level 3. HP: 33/33 MP: 2/2
   728 | D:2      | Found a sparkling altar of Nemelex Xobeh.
   814 | D:2      | Found an oddly glowing altar of Pakellas.
   827 | D:2      | Found a shadowy altar of Dithmenos.
   912 | D:2      | Reached XP level 4. HP: 38/40 MP: 3/3
  1219 | D:2      | Reached skill level 1 in Dodging
  1595 | D:3      | Reached XP level 5. HP: 8/47 MP: 4/4
  1882 | D:3      | Found a blossoming altar of Fedhas.
  2581 | D:4      | Reached skill level 5 in Shields
  2721 | D:4      | Reached skill level 5 in Armour
  2763 | D:4      | Reached XP level 6. HP: 53/53 MP: 5/5
  2770 | D:4      | Found an iron altar of Okawaru.
  2804 | D:4      | Became a worshipper of Warmaster Okawaru
  3296 | D:5      | Entered Level 5 of the Dungeon
  3298 | D:5      | Found a bloodstained altar of Trog.
  3530 | D:5      | Noticed drd's ghost (novice OpAs)
  3542 | D:5      | Killed drd's ghost
  3542 | D:5      | Reached * piety under Okawaru
  3542 | D:5      | Reached skill level 5 in Fighting
  3542 | D:5      | Reached skill level 5 in Long Blades
  3542 | D:5      | Reached skill level 6 in Shields
  3542 | D:5      | Reached XP level 7. HP: 54/61 MP: 6/6
  3606 | D:5      | Found a glowing drain.
  3610 | Sewer    | Entered a sewer
  3662 | Sewer    | Reached skill level 7 in Shields
  4438 | D:5      | Reached skill level 1 in Stealth
  4438 | D:5      | Reached XP level 8. HP: 36/69 MP: 7/7
  4910 | D:6      | Found Hacwi Ojozu's Jewellery Shoppe.
  5001 | D:6      | Found Wusaewomma's Distillery.
  5026 | D:6      | Reached skill level 8 in Shields
  5088 | D:6      | Reached ** piety under Okawaru
  5237 | D:6      | Found a glowing golden altar of the Shining One.
  5317 | D:6      | Found a staircase to the Ecumenical Temple.
  5339 | Temple   | Entered the Ecumenical Temple
  5461 | D:6      | Reached skill level 9 in Shields
  5499 | D:6      | Noticed Sigmund
  5509 | D:6      | Killed Sigmund
  5509 | D:6      | Reached XP level 9. HP: 52/75 MP: 8/8
  5746 | D:7      | Found a snail-covered altar of Cheibriados.
  5746 | D:7      | Noticed Pikel
  6055 | D:6      | Killed Pikel
  6055 | D:6      | Reached *** piety under Okawaru
  6055 | D:6      | Reached skill level 10 in Shields
  6788 | D:7      | Found a basalt altar of Yredelemnul.
  6788 | D:7      | Found an iron altar of Okawaru.
  6900 | D:7      | Found a shattered altar of Ashenzari.
  7146 | D:7      | Found a glowing silver altar of Zin.
  7279 | D:8      | Noticed schammes's ghost (novice MiFi)
  7328 | D:8      | Killed schammes's ghost
  7328 | D:8      | Reached **** piety under Okawaru
  7328 | D:8      | Reached skill level 11 in Shields
  7328 | D:8      | Reached XP level 10. HP: 52/86 MP: 9/9
  7486 | D:8      | Noticed Maurice
  7646 | D:8      | Found a shimmering altar of Xom.
  7930 | D:8      | Noticed Joseph
  7949 | D:8      | Killed Joseph
  8512 | D:8      | Identified the Tome of the Flamy Birds
  8670 | D:9      | Reached skill level 12 in Shields
  8983 | D:9      | Found a burning altar of Makhleb.
  9048 | D:9      | Found a staircase to the Lair.
  9104 | D:9      | Reached ***** piety under Okawaru
  9345 | D:9      | Reached skill level 10 in Long Blades
  9945 | D:10     | Entered Level 10 of the Dungeon
 10168 | D:10     | Reached XP level 11. HP: 81/93 MP: 10/10
 10278 | D:10     | Reached skill level 13 in Shields
 10769 | D:10     | Reached skill level 10 in Armour
 11152 | D:11     | Found Rybo Raz's Food Shop.
 11232 | D:11     | Noticed a hill giant
 11235 | D:11     | Received a gift from Okawaru
 11242 | D:11     | Killed a hill giant
 11271 | D:11     | Noticed a hill giant
 11290 | D:11     | Killed a hill giant
 11649 | Lair:1   | Entered Level 1 of the Lair of Beasts
 12821 | Lair:2   | Reached skill level 14 in Shields
 13220 | Lair:2   | Noticed Urug
 13234 | Lair:2   | Killed Urug
 13234 | Lair:2   | Received a gift from Okawaru
 13257 | Lair:2   | Reached XP level 12. HP: 105/105 MP: 11/11
 14085 | Lair:3   | Reached skill level 10 in Fighting
 14141 | Lair:3   | Reached ****** piety under Okawaru
 14149 | Lair:3   | Received a gift from Okawaru
 14342 | Lair:3   | Reached skill level 1 in Invocations
 14536 | Lair:3   | Noticed a seven-headed hydra
 14542 | Lair:3   | Killed a three-headed hydra
 15043 | Lair:4   | Found a hole to the Spider Nest.
 15047 | Lair:4   | Reached skill level 15 in Shields
 15102 | Lair:4   | Received a gift from Okawaru
 15338 | Lair:4   | Noticed Nergalle
 15347 | Lair:4   | Killed Nergalle
 15347 | Lair:4   | Reached XP level 13. HP: 114/115 MP: 12/12
 15371 | Lair:4   | Identified a scroll of acquirement
 15376 | Lair:4   | Got a pair of transparent boots
 15382 | Lair:4   | Identified the +3 pair of boots of Lomyalam {Int+3 Stlth-} (You acquired it on level 4 of the Lair of Beasts)
 15443 | Lair:4   | Found a shimmering altar of Xom.
 15526 | Lair:4   | Noticed Maud
 15535 | Lair:4   | Killed Maud
 15737 | Lair:4   | Received a gift from Okawaru
 16447 | Lair:5   | Found a staircase to the Swamp.
 16643 | Lair:6   | Reached skill level 16 in Shields
 16691 | Lair:6   | Received a gift from Okawaru
 16994 | Lair:6   | Noticed sonic's ghost (journeyman DEFE)
 17019 | Lair:6   | Killed sonic's ghost
 17034 | Lair:6   | Noticed Kirke
 17270 | Lair:6   | Killed Kirke
 17356 | Lair:6   | Reached XP level 14. HP: 33/126 MP: 14/14
 18552 | Lair:7   | Received a gift from Okawaru
 18812 | Lair:7   | Reached skill level 17 in Shields
 19195 | Lair:8   | Entered Level 8 of the Lair of Beasts
 19258 | Lair:8   | Reached skill level 15 in Long Blades
 19279 | Lair:8   | Found a staircase to the Slime Pits.
 19603 | Lair:8   | Received a gift from Okawaru
 19900 | Lair:8   | Received a gift from Okawaru
 20519 | Lair:8   | Received a gift from Okawaru
 20588 | Lair:8   | Reached XP level 15. HP: 112/136 MP: 15/15
 21222 | D:12     | Found a staircase to the Orcish Mines.
 21683 | D:13     | Found Lugyuvun's Jewellery Emporium.
 21784 | D:13     | Received a gift from Okawaru
 22269 | D:14     | Found a frozen archway.
 22300 | IceCv    | Entered an ice cave
 22515 | IceCv    | Reached skill level 18 in Shields
 22558 | IceCv    | Reached skill level 5 in Dodging
 22756 | IceCv    | Got an ebony demon whip
 23098 | D:14     | Found a gate to the Vaults.
 23399 | D:14     | Received a gift from Okawaru
 23402 | D:14     | Got a faintly glowing falchion {god gift}
 23403 | D:14     | Identified the +2 falchion "Fodufyik" {slice, *Rage rElec Int+4} (Okawaru gifted it to you on level 14 of the Dungeon)
 23404 | D:14     | Identified the +7 demon whip "Wuorhix" {freeze, Int+3} (You found it in an ice cave)
 24275 | Orc:1    | Entered Level 1 of the Orcish Mines
 24494 | Orc:2    | Entered Level 2 of the Orcish Mines
 24586 | Orc:2    | Found a staircase to the Elven Halls.
 24810 | Orc:2    | Noticed an orc warlord
 25041 | Orc:2    | Killed an orc warlord
 25041 | Orc:2    | Reached XP level 16. HP: 92/146 MP: 16/16
 25211 | Orc:2    | Paralysed by an orc sorcerer for 4 turns
 25320 | Orc:2    | Found Boug's Antique Armour Boutique.
 25321 | Orc:2    | Found Ythenukk's Antique Weapon Shop.
 25323 | Orc:2    | Found Eskudaabi's General Store.
 25323 | Orc:2    | Found Isukhlie's Jewellery Boutique.
 25388 | Orc:2    | Bought an uncursed amulet of the gourmand for 360 gold pieces
 25388 | Orc:2    | Bought the ring of Esiddeur {SustAt rElec} for 378 gold pieces
 25399 | Orc:2    | Bought a pair of glowing boots for 112 gold pieces
 25409 | Orc:2    | Identified a +1 pair of boots of running (You bought it in a shop on level 2 of the Orcish Mines)
 25704 | Orc:1    | Reached skill level 19 in Shields
 26386 | D:15     | Entered Level 15 of the Dungeon
 26408 | D:15     | Noticed Josephine
 26418 | D:15     | Killed Josephine
 26497 | D:15     | Reached skill level 15 in Fighting
 26683 | D:15     | Received a gift from Okawaru
 26684 | D:15     | Found a staircase to the Depths.
 26846 | D:15     | Got an iridescent falchion {god gift}
 26847 | D:15     | Identified the +3 falchion of Arrival {slice, rF+ Int+4} (Okawaru gifted it to you on level 15 of the Dungeon)
 27411 | D:6      | Bought a potion of might for 48 gold pieces
 27411 | D:6      | Bought a potion of heal wounds for 60 gold pieces
 27733 | Swamp:1  | Entered Level 1 of the Swamp
 29117 | Swamp:2  | Reached skill level 15 in Armour
 29553 | Swamp:2  | Received a gift from Okawaru
 30183 | Swamp:3  | Noticed a thorn hunter
 30196 | Swamp:3  | Killed a thorn hunter
 31242 | Swamp:4  | Entered Level 4 of the Swamp
 32889 | Swamp:4  | Reached skill level 20 in Shields
 32897 | Swamp:4  | Reached XP level 17. HP: 143/158 MP: 17/17
 34004 | Swamp:4  | Received a gift from Okawaru
 34014 | Swamp:4  | Got a faintly humming cloak {god gift}
 34036 | Swamp:4  | Identified the +1 cloak of Philately {MR+ Int+3} (Okawaru gifted it to you on level 4 of the Swamp)
 34300 | Swamp:4  | Noticed the 27-headed Lernaean hydra
 34310 | Swamp:4  | Killed the 23-headed Lernaean hydra
 34321 | Swamp:4  | Got a decaying rune of Zot
 35394 | Elf:1    | Entered Level 1 of the Elven Halls
 36480 | Elf:1    | Identified the Reference Book on Creation
 36515 | Elf:1    | Found Talufecei's Magic Scroll Shop.
 36523 | Elf:1    | Bought a scroll of teleportation for 36 gold pieces
 36656 | Elf:1    | Identified the Collected Works on Darkness
 37165 | Elf:2    | Got a steaming chain mail
 37166 | Elf:2    | Identified the cursed +0 chain mail of Wusupr Taju {Str+3} (You found it on level 2 of the Elven Halls)
 37875 | Elf:2    | Received a gift from Okawaru
 37923 | Elf:2    | Reached skill level 21 in Shields
 38139 | Elf:2    | Found a runed gate.
 38139 | Elf:2    | Found a runed gate.
 38139 | Elf:2    | Found a runed gate.
 38166 | Elf:2    | Reached XP level 18. HP: 143/168 MP: 18/18
 38244 | Elf:2    | Noticed Jorgrun
 38252 | Elf:2    | Killed Jorgrun
 39455 | Elf:3    | Entered Level 3 of the Elven Halls
 39498 | Elf:3    | Found Ididwieqidd's Antique Weapon Boutique.
 40277 | Elf:3    | Received a gift from Okawaru
 40654 | Elf:3    | Reached skill level 22 in Shields
 41164 | Elf:3    | Got a clouded bone ring
 41473 | Elf:3    | Identified the ring of Xom's Envy {MR+ Dex+2} (You took it off a deep elf mage on level 3 of the Elven Halls)
 41639 | Elf:3    | Noticed a Hell Sentinel
 41644 | Elf:3    | Reached XP level 19. HP: 172/178 MP: 17/19
 41854 | Elf:3    | Got a fine jade ring
 41854 | Elf:3    | Got a vibrating pewter amulet
 41891 | Elf:3    | Identified the ring "Nenostig" {MP+9 Int+6} (You took it off a deep elf death mage on level 3 of the Elven Halls)
 41900 | Elf:3    | Identified the amulet of Satyriasis {Dismiss rPois rN+ Str+7 Dex-3} (You took it off a deep elf death mage on level 3 of the Elven Halls)
 42161 | Elf:3    | Received a gift from Okawaru
 42164 | Elf:3    | Got a pair of fine gloves {god gift}
 42176 | Elf:3    | Identified the +0 pair of gloves of Gitemit {+Blink Str+2} (Okawaru gifted it to you on level 3 of the Elven Halls)
 42896 | Slime:1  | Entered Level 1 of the Pits of Slime
 42899 | Lair:8   | Gained mutation: You are occasionally teleported next to monsters. [a shining eye]
 43014 | Spider:1 | Entered Level 1 of the Spider Nest
 45692 | Spider:3 | Received a gift from Okawaru
 46185 | Spider:4 | Entered Level 4 of the Spider Nest
 46611 | Spider:4 | Noticed Norris
 46631 | Spider:4 | Killed Norris
 46672 | Spider:4 | Noticed Mara
 46673 | Spider:4 | Noticed Peloso's illusion
 46698 | Spider:4 | Killed Mara
 46698 | Spider:4 | Received a gift from Okawaru
 46737 | Spider:4 | Noticed Arachne
 46743 | Spider:4 | Noticed Agnes
 46775 | Spider:4 | Killed Arachne
 46780 | Spider:4 | Killed Agnes
 46852 | Spider:4 | Reached XP level 20. HP: 83/189 MP: 20/20
 46924 | Spider:4 | Noticed Roxanne
 46935 | Spider:4 | Killed Roxanne
 47020 | Spider:4 | Reached skill level 23 in Shields
 47598 | Spider:4 | Got a gossamer rune of Zot
 47697 | Spider:4 | Received a gift from Okawaru
 48318 | Vaults:1 | Entered Level 1 of the Vaults
 49326 | Vaults:1 | Found Yngey's Jewellery Boutique.
 50296 | Vaults:2 | Received a gift from Okawaru
 50494 | Vaults:2 | Reached XP level 21. HP: 118/199 MP: 21/21
 50681 | Vaults:2 | Reached skill level 24 in Shields
 51048 | Vaults:2 | Found Mocluut's Weapon Shoppe.
 51127 | Vaults:2 | HP: 10/200 [vault warden/uncursed great sword of freezing (1)]
 51127 | Vaults:2 | Slain by a harpy

Skill      XL: |  1  2  3  4  5  6  7  8  9 10 11 12 13 14 15 16 17 18 19 20 21 |
---------------+----------------------------------------------------------------+-----
Armour         | 4 5 6 7 8 9 11 12 13 14 15 16 17 18 | 18.0
Shields        | 4 5 6 7 9 11 12 14 15 16 17 18 20 21 22 23 24 | 24.1
Fighting       | 4 5 6 7 8 9 11 12 13 14 15 16 17 18 19 | 19.6
Long Blades    | 3 4 5 7 8 10 11 12 14 15 17 18 19 21 22 23 | 23.7
Dodging        | 1 2 3 4 5 |  5.1
Stealth        | 1 2 |  2.4
Invocations    | 1 2 |  2.4
Unarmed Combat | |  0.7
Evocations     | |  0.6

Action                   |  1- 3 |  4- 6 |  7- 9 | 10-12 | 13-15 | 16-18 | 19-21 || total
-------------------------+-------+-------+-------+-------+-------+-------+-------++-------
Melee: Long sword        |   114 |   198 |   428 |   514 |       |       |       ||  1254
       Headbutt          |    14 |    32 |    89 |   225 |   309 |   331 |   339 ||  1339
       Falchion          |       |       |       |   378 |       |       |       ||   378
       Double sword      |       |       |       |   104 |  1393 |  1530 |  1273 ||  4300
       Unarmed           |       |       |       |       |     3 |       |       ||     3
Invok: Heroism           |       |       |     2 |    10 |     7 |     9 |     3 ||    31
       Finesse           |       |       |       |       |       |       |     1 ||     1
Evoke: Wand              |       |       |       |       |       |     2 |       ||     2
  Use: Scroll            |       |       |    22 |    12 |     8 |    11 |     3 ||    56
       Potion            |       |       |     1 |       |       |    14 |       ||    15
 Stab: Held in net/web   |       |       |       |       |       |       |     1 ||     1
  Eat: Chunk             |       |     8 |    14 |    29 |    30 |    64 |    54 ||   199
       Pizza             |       |       |       |       |     2 |       |     1 ||     3
       Fruit             |       |       |       |       |     1 |       |       ||     1
       Beef jerky        |       |       |       |       |       |     2 |       ||     2
Armor: Chain mail        |    65 |    94 |       |       |       |       |       ||   159
       Scale mail        |     9 |       |       |       |       |       |       ||     9
       Plate armour      |       |     9 |   254 |   334 |   604 |       |       ||  1201
       Crystal plate arm |       |       |       |       |   171 |   776 |   951 ||  1898
Dodge: Dodged            |    28 |    44 |   102 |   212 |   361 |   192 |   434 ||  1373
Block: Shield            |    66 |   157 |   426 |   674 |   767 |       |   657 ||  2747
       Reflection        |       |     1 |     9 |    16 |       |    99 |    48 ||   173
       Large shield      |       |       |       |       |   541 |  1543 |    44 ||  2128
       Buckler           |       |       |       |       |       |       |   450 ||   450
